 Dungeon Crawl Stone Soup version 0.29.0-11-gd7f09526c8 (webtiles) character file.

Game seed: 6743799757205513424

30 Ordine the Shield-Bearer (level 3, -9/23 HPs)
             Began as a Gargoyle Fighter on Sept 6, 2022.
             Mangled by an orc warrior
             ... wielding a +0 trident
              (11 damage)
             ... on level 4 of the Dungeon.
             The game lasted 00:01:33 (941 turns).

Ordine the Shield-Bearer (Gargoyle Fighter)          Turns: 941, Time: 00:01:34

Health: -9/23      AC: 10    Str: 21    XL:     3   Next: 18%
Magic:  3/3        EV:  9    Int:  8    God:
Gold:   45         SH:  4    Dex:  9    Spells: 2/2 levels left

rFire   . . .      SeeInvis .   a - +0 flail
rCold   . . .      Faith    .   c - +0 buckler
rNeg    + . .      Spirit   .   b - +0 scale mail
rPois   ∞          Reflect  .   (no helmet)
rElec   +          Harm     .   (no cloak)
rCorr   .          Rampage  .   (no gloves)
Will    .....                   (no boots)
Stlth   ..........              (no amulet)
HPRegen 0.07/turn               (no ring)
MPRegen 0.08/turn               (no ring)

@: mighty
A: sickness immunity, AC +3, negative energy resistance 1, electricity
resistance, torment resistance 1, petrification resistance
a: no special abilities


You were on level 4 of the Dungeon.
You visited 1 branch of the dungeon, and saw 3 of its levels.

You collected 45 gold pieces.

Inventory:

Hand Weapons
 a - a +0 flail (weapon)
Armour
 b - a +0 scale mail (worn)
 c - a +0 buckler (worn)
Scrolls
 e - a scroll of fear {unknown}
 g - a scroll of vulnerability {unknown}
 h - a scroll of enchant armour {unknown}
Potions
 f - a potion of brilliance {unknown}
 i - a potion of cancellation {unknown}


   Skills:
 + Level 3.6 Fighting
 * Level 2.9 Maces & Flails
 - Level 3.2 Armour
 + Level 3.6 Shields


You had 2 spell levels left.
You didn't know any spells.
Your spell library contained the following spells:

 Spells                   Type           Power      Damage    Failure   Level
 Sting                    Tmut/Pois      0%         1d3       83%         1
 Poisonous Vapours        Pois/Air       0%         N/A       93%         2
 Olgreb's Toxic Radiance  Pois           0%         N/A       100%        4


Dungeon Overview and Level Annotations

Branches:
Dungeon (2/15)

Altars:


Innate Abilities, Weirdness & Mutations

You are immune to sickness and miasma.
Your stone body is resilient. (AC +3)
You are immune to poison.
You resist negative energy. (rN+)
You are resistant to electric shocks. (rElec)
You are resistant to unholy torment.
You are immune to petrification.


Message History

You now have 45 gold pieces (gained 10).
An orc and an orc warrior come into view.
The orc warrior is wielding a +0 trident and wearing a +10 plate armour of ponderousness.
The orc shouts!
The orc warrior shouts!
You hear a shout!
Things that are here:
a +0 club; a goblin corpse You feel very mighty all of a sudden.
You start waiting.
An orc warrior is nearby!
An orc wizard comes into view. It is wielding a +0 dagger.
The orc wizard shouts!
You hear a shout!
The orc warrior closely misses you.
You hit the orc warrior.
The orc warrior is lightly wounded.
The orc warrior hits you with a +0 trident!
Ouch! That really hurt!
You hit the orc warrior but do no damage.
The orc warrior is lightly wounded.
The orc warrior hits you with a +0 trident.
You hit the orc warrior but do no damage.
The orc warrior is lightly wounded.
An orc wizard comes into view. It is wielding a +0 dagger.
You block the orc warrior's attack.
You hit the orc warrior but do no damage.
The orc warrior is lightly wounded.
The orc hits you but does no damage.
The orc warrior hits you with a +0 trident.
The orc hits you but does no damage.
An orc comes into view. It is wielding a +0 short sword.
An orc comes into view. It is wielding a +0 spear.
You closely miss the orc warrior.
The orc warrior is lightly wounded.
The orc warrior hits you with a +0 trident!
* * * LOW HITPOINT WARNING * * *
The orc hits you but does no damage.
Unknown command.
You hit the orc warrior but do no damage.
The orc warrior is lightly wounded.
The orc warrior hits you with a +0 trident!
You die...

#.# #.### #...#
###.# #.# #.## #
#..# ###..
##.####....#
#@#....###...
####oo.oo.o.....
#....o...#####
#........#
#........#
#........#
#........#
#........#
##########


You could see an orc warrior, 2 orc wizards and 3 orcs.

Vanquished Creatures
  An endoplasm (D:1)
  4 giant cockroaches (D:1)
  2 goblins
  4 hobgoblins
  4 jackals (D:1)
  A kobold (D:1)
  3 ball pythons (D:1)
  2 bats (D:1)
  2 frilled lizards (D:1)
  2 rats (D:1)
25 creatures vanquished.

Notes
Turn   | Place    | Note
-------+----------+-------------------------------------------
     0 | D:1      | Ordine the Gargoyle Fighter began the quest for the Orb.
     0 | D:1      | Reached XP level 1. HP: 14/14 MP: 1/1
   109 | D:1      | Reached XP level 2. HP: 18/19 MP: 2/2
   142 | D:1      | Found a faded altar of an unknown god.
   143 | D:1      | Noticed a floating eye
   145 | D:1      | Noticed a golden eye
   145 | D:1      | Noticed a great orb of eyes
   145 | D:1      | Noticed an eye of devastation
   593 | D:1      | Reached XP level 3. HP: 23/23 MP: 3/3
   895 | D:2      | You fall into a shaft and drop 2 floors!
   924 | D:4      | Noticed an orc warrior
   941 | D:4      | Mangled by an orc warrior

Illustrated notes

Levels and vault maps discovered:
D:1:      mushboom_english_gardens, layout_basic,
          hellmonk_ecumenical_altar_watching_god, minmay_misc_feat_x,
          grunt_decor_arrowhead
D:2:      layout_basic, minmay_cupped
D:4:      layout_rooms, portal_sewer_entry_a, minmay_misc_feat_chi, st_stairs_6

Action                   || total
-------------------------++-------
Melee: Flail             ||    85
  Use: Potion            ||     1
Armor: Scale mail        ||    55
Dodge: Dodged            ||    50
Block: Buckler           ||    18
